 Dungeon Crawl Stone Soup version 0.29-a0-517-gbdf32494f2 (webtiles) character file.

Game seed: 4665794122956483267

21005 hquester1 the Fighter (level 12, -18/126 HPs)
             Began as a Troll Fighter on May 30, 2022.
             Demolished by a stone giant (30 damage)
             ... on level 10 of the Dungeon on May 31, 2022.
             The game lasted 00:34:02 (8612 turns).

hquester1 the Fighter (Troll Fighter)               Turns: 8612, Time: 00:34:02

Health: -18/126    AC: 18    Str: 27    XL:     12   Next: 50%
Magic:  0/11       EV: 11    Int:  4    God:
Gold:   551        SH: 11    Dex: 13    Spells: 11/11 levels left

rFire   + . .      SeeInvis .   a - +4 flail (protect)
rCold   . . .      Faith    .   b - +1 kite shield
rNeg    . . .      Spirit   +   r - +0 acid dragon scales
rPois   .          Reflect  .   (helmet restricted)
rElec   .          Harm     .   w - +0 cloak
rCorr   +          Rampage  .   (gloves unavailable)
Will    .....                   (boots unavailable)
Stlth   +.........              i - amulet of guardian spirit
HPRegen 1.11/turn               d - ring of protection from fire
MPRegen 0.12/turn               (no ring)

@: mighty, under a protective aura
A: large, unfitting armour, claws 3, regeneration 1, shaggy fur 1, tough skin 1
a: no special abilities


You were on level 10 of the Dungeon.
You visited 2 branches of the dungeon, and saw 11 of its levels.
You also visited: Sewer.

You collected 551 gold pieces.

Inventory:

Hand Weapons
 a - a +4 flail of protection (weapon)
 j - a +1 demon whip of flaming
Armour
 b - a +1 kite shield (worn)
 o - a +2 robe of positive energy
 r - +0 acid dragon scales (worn)
 w - a +0 cloak (worn)
Jewellery
 d - a ring of protection from fire (left claw)
 i - an amulet of guardian spirit (around neck)
 q - a ring of positive energy
Wands
 g - a wand of paralysis (9)
 p - a wand of acid (7)
 D - a wand of charming (6)
Scrolls
 u - 2 scrolls of magic mapping
Potions
 c - 2 potions of might
 e - 4 potions of curing
 f - 2 potions of heal wounds {unknown}
 h - 2 potions of attraction
 k - 4 potions of cancellation
 l - 3 potions of lignification
 m - a potion of flight {unknown}
 n - a potion of haste {unknown}
 v - 2 potions of brilliance
 z - a potion of resistance {unknown}
 A - 2 potions of mutation {unknown}


   Skills:
 * Level 10.2 Fighting
 * Level 8.3 Maces & Flails
 * Level 7.0 Armour
 + Level 7.4 Dodging
 + Level 8.1 Shields
 - Level 6.0 Unarmed Combat


You had 11 spell levels left.
You didn't know any spells.
Your spell library contained the following spells:

 Spells                   Type           Power      Damage    Failure   Level
 Magic Dart               Conj           0%         1d3       80%         1
 Sting                    Tmut/Pois      0%         1d3       80%         1
 Blink                    Tloc           0%         N/A       90%         2
 Poisonous Vapours        Pois/Air       0%         N/A       90%         2
 Searing Ray              Conj           0%         2d4       90%         2
 Lesser Beckoning         Tloc           0%         N/A       99%         3
 Fulminant Prism          Conj/Hex       0%         3d6       100%        4
 Olgreb's Toxic Radiance  Pois           0%         N/A       100%        4
 Alistair's Intoxication  Tmut/Pois      0%         N/A       100%        5
 Borgnjor's Vile Clutch   Necr/Erth      0%         N/A       100%        5
 Manifold Assault         Tloc           0%         N/A       100%        5
 Eringya's Noxious Bog    Tmut/Pois      0%         N/A       100%        6
 Storm Form               Tmut/Air       0%         N/A       100%        7


Dungeon Overview and Level Annotations

Branches:
Dungeon (10/15)            Temple (1/1) D:7            Lair (0/6) D:8
  Sewer (visited)
    Orc: D:9-12

Altars:
Ashenzari
Cheibriados
Elyvilon
Gozag
Hepliaklqana
Kikubaaqudgha
Nemelex Xobeh
Okawaru
Qazlal
Ru
Sif Muna
Uskayaw
Vehumet
Wu Jian
Xom
Yredelemnul
Zin
The Shining One

Shops:
D:6 [*


Innate Abilities, Weirdness & Mutations

You are too large for most types of armour.
You have claws for hands.
Your natural rate of healing is unusually fast.
You are covered in fur. (AC +1)
You have tough skin. (AC +1)


Message History

You sock the orc warrior!
The orc warrior is heavily wounded.
You block the orc warrior's attack.
The orc warrior hits you from afar with a +0 halberd.
You barely miss the orc warrior.
The orc warrior is heavily wounded.
You block the orc warrior's attack. x2
You thump the orc warrior!
The orc warrior is almost dead.
You block the orc warrior's attack. The orc warrior barely misses you.
A stone giant comes into view.
You hit the orc warrior.
You kill the orc warrior!
A killer bee comes into view.
The orc warrior hits you from afar with a +0 halberd!
You barely miss the stone giant. You block the stone giant's attack.
The orc warrior hits you but does no damage.
Unknown command.
The killer bee buzzes angrily.
You sock the stone giant!
The stone giant is lightly wounded.
You hear an angry hiss.
You block the orc warrior's attack. The stone giant hits you!!
You feel very mighty all of a sudden. The stone giant closely misses you.
The orc warrior hits you from afar with a +0 halberd!
You sock the stone giant!
The stone giant is lightly wounded.
The orc warrior hits you from afar with a +0 halberd!
The stone giant hits you but does no damage.
You hit the stone giant but do no damage.
The stone giant is lightly wounded.
The orc warrior hits you from afar with a +0 halberd!
* * * LOW HITPOINT WARNING * * *
The stone giant hits you!!
* * * LOW HITPOINT WARNING * * *
You sock the stone giant!
The stone giant is moderately wounded.
The orc warrior misses you. The stone giant hits you!!
You die...

#############
#........@Co#
###.#########y#
#...# ..c.
###.### ......#
####...#
.......#
<#<..###
##..⌠..##
##...# #.....#
.<...# ##...##
.....#


You could see a stone giant, a yaktaur, an orc warrior and a killer bee.

Vanquished Creatures
  3 two-headed ogres (D:9)
  A boulder beetle (D:8)
  Erica (D:8)
  Amaemon (D:9)
  A deep elf pyromancer (D:9)
  An ugly thing (D:9)
  An orange demon (D:9)
  Maggie (D:6)
  Prince Ribbit (D:6)
  Grinder (D:6)
  A wyvern (D:7)
  A basilisk (D:9)
  15 yaks
  A vampire mosquito (D:10)
  Edmund (D:6)
  A water moccasin (D:8)
  Duvessa (D:6)
  3 orc warriors
  2 black bears
  2 ice beasts (D:7)
  2 ogres
  A centaur (D:8)
  2 phantoms (D:6)
  7 kobold brigands
  2 necrophages
  3 bullfrogs
  A gnoll sergeant (D:9)
  8 wights
  Dowan (D:6)
  6 killer bees (D:9)
  3 electric eels (D:8)
  3 howler monkeys
  5 hounds
  3 jellies
  5 orc priests
  A gnoll shaman (D:5)
  5 iguanas
  Crazy Yiuf (D:6)
  Ijyb (D:5)
  5 orc wizards
  17 gnolls
  2 river rats (Sewer)
  12 adders
  2 shadow imps
  2 white imps
  An ufetubus (D:5)
  10 worms
  3 dart slugs
  22 orcs
  6 ball pythons
  12 endoplasms
  3 giant cockroaches
  10 goblins
  7 hobgoblins
  3 jackals (D:1)
  16 kobolds
  6 quokkas
  7 bats
  4 frilled lizards (D:1)
  15 rats
265 creatures vanquished.

Vanquished Creatures (others)
  2 fungi (D:6)
  47 plants
49 creatures vanquished.

Grand Total: 314 creatures vanquished

Notes
Turn   | Place    | Note
-------+----------+-------------------------------------------
     0 | D:1      | hquester1 the Troll Fighter began the quest for the Orb.
     0 | D:1      | Reached XP level 1. HP: 22/22 MP: 0/0
    94 | D:1      | Reached XP level 2. HP: 29/29 MP: 1/1
   210 | D:1      | Reached XP level 3. HP: 32/36 MP: 2/2
   921 | D:2      | Reached skill level 3 in Fighting
  1263 | D:2      | Found a faded altar of an unknown god.
  1331 | D:2      | Reached XP level 4. HP: 34/45 MP: 3/3
  1911 | D:3      | Found a glowing silver altar of Zin.
  2191 | D:3      | Reached XP level 5. HP: 38/53 MP: 4/4
  2471 | D:4      | Noticed an ogre
  2479 | D:4      | Killed an ogre
  2647 | D:4      | Reached skill level 4 in Fighting
  2647 | D:4      | Reached XP level 6. HP: 58/62 MP: 5/5
  2748 | D:4      | Found a hide-covered altar of Uskayaw.
  2748 | D:4      | Found a shimmering blue altar of Sif Muna.
  2748 | D:4      | Found a shimmering altar of Xom.
  3028 | D:5      | Entered Level 5 of the Dungeon
  3230 | D:5      | Reached XP level 7. HP: 71/71 MP: 6/6
  3356 | D:5      | Noticed Ijyb
  3360 | D:5      | Killed Ijyb
  3463 | D:5      | Reached skill level 5 in Fighting
  3505 | D:5      | Found a glowing drain.
  3524 | Sewer    | Entered a sewer
  3722 | Sewer    | Reached XP level 8. HP: 79/81 MP: 7/7
  4370 | D:5      | Got Vaufoul's Grimoire of Poisonous Transformation
  4448 | D:5      | Found a glowing golden altar of the Shining One.
  4558 | D:6      | Noticed Edmund
  4582 | D:6      | Killed Edmund
  4583 | D:6      | Reached skill level 5 in Shields
  4603 | D:6      | Noticed Maggie
  4623 | D:6      | Killed Maggie
  4624 | D:6      | Reached skill level 6 in Fighting
  4624 | D:6      | Reached skill level 1 in Maces & Flails
  4624 | D:6      | Reached skill level 5 in Unarmed Combat
  4653 | D:6      | Found Sih Piek's Antique Armour Emporium.
  4658 | D:6      | Noticed Dowan
  4658 | D:6      | Noticed Duvessa
  4682 | D:6      | Killed Duvessa
  4695 | D:6      | Killed Dowan
  4760 | D:6      | Noticed Prince Ribbit
  4796 | D:6      | Killed Prince Ribbit
  4797 | D:6      | Reached skill level 5 in Dodging
  4797 | D:6      | Reached XP level 9. HP: 72/92 MP: 8/8
  4985 | D:6      | Reached skill level 7 in Fighting
  5159 | D:6      | Noticed Grinder
  5193 | D:6      | Killed Grinder
  5203 | D:6      | Found Gattuen's Lightly-Used Armoury.
  5360 | D:6      | Found a snail-covered altar of Cheibriados.
  5485 | D:6      | Found a runed translucent door.
  5486 | D:6      | Noticed Crazy Yiuf
  5491 | D:6      | Killed Crazy Yiuf
  5498 | D:6      | Reached skill level 8 in Fighting
  5498 | D:6      | Reached skill level 5 in Maces & Flails
  5498 | D:6      | Reached XP level 10. HP: 106/106 MP: 9/9
  5499 | D:6      | Reached skill level 9 in Fighting
  5499 | D:6      | Reached skill level 5 in Armour
  5499 | D:6      | Reached XP level 11. HP: 115/115 MP: 10/10
  5609 | D:7      | Found a basalt altar of Yredelemnul.
  5704 | D:7      | Found an ancient bone altar of Kikubaaqudgha.
  5858 | D:7      | Found a staircase to the Ecumenical Temple.
  5934 | Temple   | Entered the Ecumenical Temple
  6376 | D:8      | Noticed a boulder beetle
  6433 | D:8      | Killed a boulder beetle
  6928 | D:8      | Noticed Erica
  6934 | D:8      | Paralysed by something for 4 turns
  6944 | D:8      | Paralysed by something for 5 turns
  6951 | D:8      | Paralysed by something for 2 turns
  6961 | D:8      | Paralysed by Erica for 5 turns
  6969 | D:8      | Killed Erica
  7196 | D:8      | Found a staircase to the Lair.
  7417 | D:9      | Reached XP level 12. HP: 126/126 MP: 11/11
  7546 | D:9      | Noticed a two-headed ogre
  7566 | D:9      | Killed a two-headed ogre
  7735 | D:9      | Noticed a two-headed ogre
  7758 | D:9      | Killed a two-headed ogre
  7759 | D:9      | Reached skill level 10 in Fighting
  7871 | D:9      | Found a sparkling altar of Nemelex Xobeh.
  8014 | D:9      | Noticed a two-headed ogre
  8017 | D:9      | Noticed Amaemon
  8028 | D:9      | Killed a two-headed ogre
  8144 | D:9      | Killed Amaemon
  8513 | D:10     | Entered Level 10 of the Dungeon
  8605 | D:10     | Noticed a stone giant
  8612 | D:10     | Demolished by a stone giant

Illustrated notes

Levels and vault maps discovered:
D:1:      dpeg_arrival_round_b, layout_basic, serial_bayou_lagoon_b
D:2:      layout_basic, chequers_ecumenical_altar_twisty,
          kennysheep_generic_room_9
D:3:      layout_basic, mainiacjoe_overflow_alcove_4
D:4:      layout_loops_ring, gammafunk_temple_overflow_forgotten, hex_medium
D:5:      layout_basic, lemuel_coloured_pillars_altar, gup_sewer_entry_bubbles,
          minmay_hedge_maze, uniq_ijyb
D:6:      hellmonk_destroyed_diamonds, layout_rooms, cheibrodos_worm_habitat,
          serial_shops, shop, st_stairs_12, minmay_shop_damaged,
          minmay_misc_feat_tower, uniq_crazy_yiuf_cottage, uniq_prince_ribbit1,
          uniq_edmund, uniq_grinder, uniq_maggie, uniq_duvessa
D:7:      layout_cave_pools, nicolae_kikubaaqudgha_miasma_corner,
          yredelemnul_altar_generic, minmay_temple_entry_waves,
          lemuel_old_faithful
D:8:      layout_rooms, lair_entry_dummy, serial_bayou, serial_bayou_lagoon_a,
          serial_bayou_pond_a, serial_bayou_lake_a, serial_bayou_shore_b,
          serial_bayou_pond_d, uniq_erica
D:9:      minmay_bloctagon_deflated, layout_loops_cross, old_standard_altar,
          uniq_amaemon
D:10:     layout_big_octagon, lemuel_round_altar, mainiacjoe_overflow_swirl,
          fedhas_altar_fruit_tree, nicolae_trove_entry_path_of_doom,
          grunt_livestock, nicolae_rejected_hall
Temple:   compressed_dpeg_triangle_lava_temple

Skill      XL: |  1  2  3  4  5  6  7  8  9 10 11 12 |
---------------+-------------------------------------+-----
Shields        | 3 4 5 6 7 8 |  8.1
Fighting       | 3 4 5 6 8 9 10 | 10.2
Dodging        | 3 4 5 6 7 |  7.4
Unarmed Combat | 3 4 5 6 |  6.0
Maces & Flails | 1 5 6 7 8 |  8.3
Armour         | 4 5 6 7 |  7.0

Action                   |  1- 3 |  4- 6 |  7- 9 | 10-12 || total
-------------------------+-------+-------+-------+-------++-------
Melee: Unarmed           |   144 |   173 |   169 |       ||   486
       Flail             |       |       |   160 |   465 ||   625
  Use: Scroll            |       |     6 |     6 |    10 ||    22
       Potion            |       |       |     1 |     4 ||     5
 Stab: Sleeping          |     1 |     2 |       |       ||     3
Armor: Robe              |    45 |    30 |    45 |       ||   120
       Acid dragon scale |       |       |    61 |   163 ||   224
Dodge: Dodged            |    45 |    37 |   112 |   177 ||   371
Block: Kite shield       |    42 |    58 |   155 |   259 ||   514

Table legend: (Time is in decaauts)
 A = Elapsed time spent in this place.
 B = Non-inter-level travel time spent in this place.
 C = Inter-level travel time spent in this place.
 D = Time resting spent in this place.
 E = Time spent auto-exploring this place.
 F = Levels seen in this place.
 G = Mean time per level.
                   A        B        C        D        E       F      G
               +--------+--------+--------+--------+--------+-----+--------+
         Total |   9080 |   8797 |    283 |    129 |   5533 |  12 |  756.7 |
       Dungeon |   8081 |   7799 |    282 |    129 |   4831 |  10 |  808.1 |
        Temple |    251 |    251 |      0 |      0 |    225 |   1 |  251.0 |
         Sewer |    747 |    747 |      0 |      0 |    476 |   1 |  747.0 |
               +--------+--------+--------+--------+--------+-----+--------+

Top non-repeatable levels by time:
     D:9: 1189 daAuts
     D:8: 1093 daAuts
     D:6: 1089 daAuts
     D:5: 961 daAuts
     D:1: 863 daAuts
     D:2: 857 daAuts
     D:4: 776 daAuts
   Sewer: 747 daAuts
     D:3: 575 daAuts
     D:7: 571 daAuts
  Temple: 251 daAuts
    D:10: 103 daAuts
